 Dungeon Crawl Stone Soup version 0.28-a0-664-gc179e30c89 (webtiles) character file.

Game seed: 16312117439389058142

137 MacCMillion the Chiller (level 5, -5/38 HPs)
             Began as a Ghoul Ice Elementalist on Oct 14, 2021.
             Slain by Grinder (6 damage)
             ... on level 3 of the Dungeon on Oct 15, 2021.
             The game lasted 00:08:36 (3400 turns).

MacCMillion the Chiller (Ghoul Ice Elementalist)    Turns: 3400, Time: 00:08:37

Health: -5/38      AC:  4    Str: 12    XL:     5   Next: 20%
Magic:  7/7        EV: 11    Int: 10    God:
Gold:   74         SH:  0    Dex: 10    Spells: 5/9 levels left

rFire   x . .      SeeInvis .   c - +2 dagger (venom)
rCold   + + .      Faith    .   (no shield)
rNeg    + + +      Spirit   .   i - +0 leather armour
rPois   ∞          Reflect  .   (no helmet)
rElec   .          Harm     .   (no cloak)
rCorr   .          Rampage  .   f - +0 pair of gloves
Will    .....                   (no boots)
Stlth   ++........              (no amulet)
HPRegen 0.00/turn               q - ring of ice
MPRegen 0.10/turn               (no ring)

@: flying, inhibited regen
A: claws 1, cold resistance 1, negative energy resistance 3, inhibited
regeneration, torment resistance 2
a: no special abilities


You were on level 3 of the Dungeon.
You visited 1 branch of the dungeon, and saw 3 of its levels.

You collected 74 gold pieces.

Inventory:

Hand Weapons
 b - a +0 short sword
 c - a +2 dagger of venom (weapon)
 j - a +1 mace of protection
 l - a +0 dagger of protection
Missiles
 m - 17 poisoned darts (quivered)
Armour
 a - a +0 robe
 f - a +0 pair of gloves (worn)
 g - a +0 ring mail
 i - a +0 leather armour (worn)
 k - a +0 pair of boots
Jewellery
 q - a ring of ice (left hand)
Scrolls
 d - 2 scrolls of fog {unknown}
 e - a scroll of magic mapping {unknown}
 h - 3 scrolls of teleportation {unknown}
 n - a scroll of torment {unknown}
 r - a scroll of amnesia {unknown}
 s - a scroll of identify {unknown}


   Skills:
 - Level 1.7 Dodging
 * Level 4.3 Stealth
 - Level 0.6 Unarmed Combat
 + Level 2.6 Spellcasting
 + Level 5.3 Ice Magic


You had 5 spell levels left.
You knew the following spells:

 Your Spells              Type           Power      Damage    Failure   Level
a - Freeze                Ice            68%        1d8       4%          1
b - Frozen Ramparts       Ice            34%        1d5       13%         3

Your spell library contained the following spells:

 Spells                   Type           Power      Damage    Failure   Level
 Ozocubu's Armour         Ice            17%        N/A       13%         3
 Hailstorm                Conj/Ice       9%         3d4       77%         4


Dungeon Overview and Level Annotations

Branches:
Dungeon (3/15)

Altars:

Annotations:
D:3 Grinder, Jessica


Innate Abilities, Weirdness & Mutations

You thrive by killing the living.
You are immune to poison.
You have sharp fingernails.
Your flesh is cold resistant. (rC+)
You are immune to negative energy. (rN+++)
You do not regenerate when monsters are visible.
You are immune to unholy pain and torment.


Message History

You hit the endoplasm.
You kill the endoplasm!
m - 17 poisoned darts (gained 1)
h - 3 scrolls labelled KEMEIP XACLYAL (gained 1)
r - a scroll labelled EWKATI JYFESTRY
s - a scroll labelled BITSAO LING Grinder comes into view.
Found 11 gold pieces.
Grinder is nearby!
Grinder shouts!
You hear a shout!
Grinder hits you.
You hit Grinder.
Grinder is lightly wounded.
Grinder hits you!
You barely miss Grinder.
Grinder is lightly wounded.
Grinder hits you.
You barely miss Grinder.
Grinder is lightly wounded.
Grinder grins, showing sharp teeth.
Grinder barely misses you.
Unknown command.
You hit Grinder but do no damage.
Grinder is lightly wounded.
Jessica the Apprentice Sorceress comes into view.
She is wielding a +0 dagger.
Grinder says, "FISH!"
Grinder hits you!
* * * LOW HITPOINT WARNING * * *
Unknown command.
You hit Grinder.
Grinder is lightly wounded.
Grinder hits you!
* * * LOW HITPOINT WARNING * * *
Unknown command.
It was a potion of flight.
You feel very buoyant.
You fly up into the air.
Grinder barely misses you.
Unknown command.
It was a potion of magic.
Magic courses through your body. Grinder hits you.
You die...

#.###.....#### #.#
#......# #.#
##...#.# #.#####.##
##.##.### #........#
#.......
#.#####..#######....
#####....# #####
#........#
#@####.#.####### #5#
#.#.#.....# #.#
#.#.#.....### #.#
#.#.#........ #@#
#.........### #.#
#.........# .#.
#...##.### # #
##.##...## #.....#


You could see Grinder and Jessica.

Vanquished Creatures
  A hound (D:3)
  An orc wizard (D:3)
  2 adders
  6 orcs
  5 ball pythons
  5 endoplasms
  6 goblins
  7 hobgoblins
  3 quokkas
  5 bats
  2 frilled lizards
  6 kobolds
  6 rats
55 creatures vanquished.

Notes
Turn   | Place    | Note
-------+----------+-------------------------------------------
     0 | D:1      | MacCMillion the Ghoul Ice Elementalist began the quest for
                  | the Orb.
     0 | D:1      | Reached XP level 1. HP: 14/14 MP: 2/2
   323 | D:1      | Reached XP level 2. HP: 19/20 MP: 0/3
   741 | D:1      | Found a faded altar of an unknown god.
   859 | D:1      | Reached XP level 3. HP: 21/26 MP: 4/4
  1549 | D:2      | Learned a level 3 spell: Frozen Ramparts
  2516 | D:3      | Reached skill level 5 in Ice Magic
  2516 | D:3      | Reached XP level 4. HP: 12/33 MP: 1/6
  2900 | D:3      | Reached XP level 5. HP: 18/38 MP: 1/7
  3392 | D:3      | Noticed Grinder
  3397 | D:3      | Noticed Jessica
  3398 | D:3      | HP: 1/38 [Grinder (9)]
  3400 | D:3      | Slain by Grinder

Illustrated notes

Levels and vault maps discovered:
D:1:      psy_arrival_dodecagon, layout_basic,
          shapermc_ecumenical_altar_notcrosses
D:2:      layout_basic, st_stairs_6
D:3:      layout_loops_ring, vehumet_altar_wand_db, st_stairs_11, uniq_grinder,
          uniq_natasha, uniq_jessica

Skill      XL: |  1  2  3  4 |
---------------+-------------+-----
Stealth        | 3 4 |  4.3
Spellcasting   | 2 |  2.6
Ice Magic      | 5 |  5.3
Dodging        | |  1.7
Unarmed Combat | |  0.6

Action                   |  1- 3 |  4- 6 || total
-------------------------+-------+-------++-------
Melee: Short sword       |     4 |       ||     4
       Dagger            |    58 |    34 ||    92
Throw: Dart              |       |     7 ||     7
 Cast: Freeze            |    18 |     1 ||    19
       Frozen Ramparts   |     1 |     2 ||     3
  Use: Potion            |       |     2 ||     2
 Stab: Sleeping          |     8 |     2 ||    10
Armor: Robe              |     4 |       ||     4
       Leather armour    |     9 |    13 ||    22
Dodge: Dodged            |    41 |    13 ||    54

Table legend: (Time is in decaauts)
 A = Elapsed time spent in this place.
 B = Non-inter-level travel time spent in this place.
 C = Inter-level travel time spent in this place.
 D = Time resting spent in this place.
 E = Time spent auto-exploring this place.
 F = Levels seen in this place.
 G = Mean time per level.
                   A        B        C        D        E       F      G
               +--------+--------+--------+--------+--------+-----+--------+
         Total |   3398 |   3224 |    174 |    473 |   2238 |   3 | 1132.7 |
       Dungeon |   3398 |   3224 |    174 |    473 |   2238 |   3 | 1132.7 |
               +--------+--------+--------+--------+--------+-----+--------+

Top non-repeatable levels by time:
     D:1: 1536 daAuts
     D:3: 952 daAuts
     D:2: 909 daAuts
